 Dungeon Crawl Stone Soup version 0.27.1-3-gb3d3a73c9e (webtiles) character file.

Game seed: 4981912353175050544

11 H0rd4k the Charlatan (level 2, -1/21 HPs)
             Began as a Human Artificer on Oct 14, 2021.
             Slain by a quokka (3 damage)
             ... on level 1 of the Dungeon.
             The game lasted 00:01:44 (563 turns).

H0rd4k the Charlatan (Human Artificer)               Turns: 563, Time: 00:01:44

Health: -1/21      AC:  3    Str: 12    XL:     2   Next: 35%
Magic:  2/2        EV: 11    Int: 11    God:
Gold:   0          SH:  0    Dex: 13    Spells: 1/1 levels left

rFire    . . .     SeeInvis .   f - +0 dagger
rCold    . . .     Faith    .   (no shield)
rNeg     . . .     Spirit   .   b - +0 leather armour
rPois    .         Reflect  .   (no helmet)
rElec    .         Harm     .   (no cloak)
rCorr    .         Rampage  .   (no gloves)
Will     .....                  (no boots)
Stlth    +.........             (no amulet)
HPRegen  0.07/turn              (no ring)
MPRegen  0.08/turn              (no ring)

@: no status effects
A: no striking features
a: no special abilities


You were on level 1 of the Dungeon.
You visited 1 branch of the dungeon, and saw 1 of its levels.

Inventory:

Hand Weapons
 f - a +0 dagger (weapon)
Armour
 b - a +0 leather armour (worn)
Magical Staves
 a - a staff of cold
Wands
 c - a wand of flame (15) (quivered)
 d - a wand of charming (11)
Miscellaneous
 e - a piece from Xom's chessboard (15/15)


   Skills:
 + Level 1.0 Fighting
 - Level 2.0 Armour
 + Level 1.1 Dodging
 - Level 1.0 Stealth
 + Level 3.6 Evocations


You had one spell level left.
You didn't know any spells.
Your spell library contained the following spells:

 Spells                   Type           Power      Damage    Failure   Level
 Sublimation of Blood     Necr           0%         N/A       56%         2
 Wereblood                Tmut           0%         N/A       56%         2
 Summon Hydra             Summ           0%         N/A       100%        7


Dungeon Overview and Level Annotations

Branches:
Dungeon (1/15)

Altars:


Message History

A quokka comes into view.
Your jackal bites the hobgoblin.
Your jackal barely misses the ball python.
Your jackal bites the hobgoblin.
The hobgoblin hits your jackal.
Your jackal dies!
Your jackal bites the ball python.
The ball python bites your jackal. The ball python misses your jackal.
The hobgoblin shouts!
Your jackal bites the ball python.
The ball python dies!
You hit the goblin.
You kill the goblin!
You feel a bit more experienced.
Your jackal closely misses the hobgoblin. x2
Things that are here:
a +0 club; a goblin corpse You hit the quokka.
The quokka is lightly wounded.
Your jackal barely misses the hobgoblin.
The quokka bites you but does no damage.
You closely miss the quokka.
The quokka is lightly wounded.
The quokka bites you.
* * * LOW HITPOINT WARNING * * *
Your endoplasm barely misses the hobgoblin.
Your jackal barely misses the hobgoblin.
You completely miss the quokka.
The quokka is lightly wounded.
The endoplasm is no longer charmed.
The quokka bites you.
* * * LOW HITPOINT WARNING * * *
The endoplasm hits your jackal.
Your jackal dies!
The quokka bites you but does no damage.
Aiming: Charm
Press: ? - help, Shift-Dir - straight line, f - quokka
Aim: a quokka (lightly wounded, chance to affect: 73%)
The quokka struggles to resist.
The endoplasm quivers.
The quokka bites you.
You die...

♣..<..♣ #.........
♣.....♣ #...###.##
♣.....♣ ##....#.##
♣♣....♣ #..#.....
♣....♣ ##.####..
♣....♣ #........
♣....♣ #.......#
♣....♣ #........
♣..@.♣ #..#....#
###r########........
#gJ.J....##...^##.
##††.†.........†.#
#..†#########...#
#..... #.... #......
#..... #........
#......
#................


You could see an endoplasm, a quokka and a hobgoblin.

Vanquished Creatures
  An endoplasm (D:1)
  2 goblins (D:1)
  A quokka (D:1)
  A bat (D:1)
  A rat (D:1)
6 creatures vanquished.

Vanquished Creatures (collateral kills)
  A hobgoblin (D:1)
  A jackal (D:1)
  A quokka (D:1)
  2 ball pythons (D:1)
5 creatures vanquished.

Vanquished Creatures (others)
  2 jackals (D:1)
2 creatures vanquished.

Grand Total: 13 creatures vanquished

Notes
Turn   | Place    | Note
-------+----------+-------------------------------------------
     0 | D:1      | H0rd4k the Human Artificer began the quest for the Orb.
     0 | D:1      | Reached XP level 1. HP: 15/15 MP: 1/1
   539 | D:1      | Reached XP level 2. HP: 6/21 MP: 2/2
   563 | D:1      | Slain by a quokka

Illustrated notes

Levels and vault maps discovered:
D:1:      roderic_dead_forest, layout_rooms, serial_shops, shop,
          nicolae_shop_statue_plus, nicolae_shop_crystal,
          nicolae_shop_behind_doors, shapermc_ecumenical_altar_mp_vishouse

Action                   || total
-------------------------++-------
Melee: Club              ||    47
       Dagger            ||    13
Evoke: Wand              ||     4
Armor: Leather armour    ||    41
Dodge: Dodged            ||    65
